 Dungeon Crawl Stone Soup version 0.28-a0-851-g8b9cc49659 (webtiles) character file.

Game seed: 18421465544351859855

31 wakim the Skirmisher (level 3, 31/31 HPs)
             Began as a Ghoul Fighter on Nov 14, 2021.
             Was a Follower of Jiyva.
             Safely got out of the dungeon.
             The game lasted 00:03:21 (1437 turns).

wakim the Skirmisher (Ghoul Fighter)                Turns: 1437, Time: 00:03:22

Health: 31/31      AC:  7    Str: 19    XL:     3   Next: 22%
Magic:  2/2        EV:  9    Int:  4    God:    Jiyva [*.....]
Gold:   26         SH:  4    Dex:  8    Spells: 2/2 levels left

rFire   . . .      SeeInvis .     - Unarmed
rCold   + . .      Faith    .   a - +0 buckler
rNeg    + + +      Spirit   .   b - +0 scale mail
rPois   ∞          Reflect  .   h - +0 helmet
rElec   .          Harm     .   (no cloak)
rCorr   .          Rampage  .   (no gloves)
Will    .....                   (no boots)
Stlth   ..........              (no amulet)
HPRegen 0.10/turn               (no ring)
MPRegen 0.08/turn               (no ring)

@: no status effects
A: claws 1, cold resistance 1, negative energy resistance 3, inhibited
regeneration, torment resistance 2
a: Renounce Religion, Request Jelly


You escaped.
You worshipped Jiyva.
Jiyva was aware of your devotion.
You visited 1 branch of the dungeon, and saw 1 of its levels.

You collected 26 gold pieces.

Inventory:

Armour
 a - a +0 buckler (worn)
 b - a +0 scale mail (worn)
 h - a +0 helmet (worn)
Scrolls
 c - 2 scrolls of fog {unknown}
 e - a scroll of teleportation {unknown}
 i - a scroll of identify {unknown}
Potions
 d - a potion of invisibility {unknown}
 f - a potion of flight {unknown}
 g - a potion of curing {unknown}
 N - a potion of might


   Skills:
 + Level 3.5 Fighting
 + Level 2.9 Armour
 * Level 3.1 Shields
 * Level 3.0 Unarmed Combat


You had 2 spell levels left.
You didn't know any spells.
Your spell library contained the following spells:

 Spells                   Type           Power      Damage    Failure   Level
 Ozocubu's Armour         Ice            0%         N/A       99%         3
 Ozocubu's Refrigeration  Ice            0%         4d5       100%        7


Dungeon Overview and Level Annotations

Branches:
Dungeon (1/15)

Altars:
Jiyva


Innate Abilities, Weirdness & Mutations

You thrive by killing the living.
You are immune to poison.
You have sharp fingernails.
Your flesh is cold resistant. (rC+)
You are immune to negative energy. (rN+++)
You do not regenerate when monsters are visible.
You are immune to unholy pain and torment.


Message History

The giant cockroach waves its antennae.
The giant cockroach bites you.
You scratch the giant cockroach but do no damage.
The giant cockroach waves its antennae.
The giant cockroach closely misses you.
You scratch the giant cockroach.
The giant cockroach is almost dead.
The giant cockroach bites you but does no damage.
You hear a slurping noise.
You completely miss the giant cockroach.
The giant cockroach is almost dead.
You block the giant cockroach's attack.
You hear a slurping noise.
You scratch the giant cockroach but do no damage.
The giant cockroach is almost dead.
The giant cockroach bites you but does no damage. x2
You scratch the giant cockroach.
You kill the giant cockroach!
Your Unarmed Combat skill increases to level 3!
No target in view!
No target in view!
No target in view!
No target in view!
No target in view!
No target in view!
No target in view!
No target in view!
No target in view!
No target in view!
There is a fountain of sparkling water here.
You open the door.
Done exploring.
Done exploring.
There is a fountain of sparkling water here.
There is an open door here.
There is a staircase leading out of the dungeon here.
Are you sure you want to leave the Dungeon?
This will make you lose the game! [Y]es or [N]o only, please.
Are you sure you want to leave the Dungeon?
This will make you lose the game!
You have escaped!

#......# ##... #..###.#
#### #.#. #..# #.##
######..# #... #..# ##.###
#...##..## ##.. #..#
#....### ##.....[..## #.>
#..###..##..###....##....#
###
#..#.#..###..#..######...#
#...###...##....## ##...#
##### ##.....@...####..###
######....#....##
####.....## #######


There were no monsters in sight!

Vanquished Creatures
  3 bats (D:1)
  2 endoplasms (D:1)
  4 giant cockroaches (D:1)
  8 goblins (D:1)
  A hobgoblin (D:1)
  A quokka (D:1)
  4 ball pythons (D:1)
  A frilled lizard (D:1)
  2 kobolds (D:1)
26 creatures vanquished.

Vanquished Creatures (others)
  A ball python (D:1)
  8 fungi (D:1)
  A plant (D:1)
10 creatures vanquished.

Grand Total: 36 creatures vanquished

Notes
Turn   | Place    | Note
-------+----------+-------------------------------------------
     0 | D:1      | wakim the Ghoul Fighter began the quest for the Orb.
     0 | D:1      | Reached XP level 1. HP: 19/19 MP: 0/0
   215 | D:1      | Reached XP level 2. HP: 24/26 MP: 1/1
   688 | D:1      | Reached XP level 3. HP: 31/31 MP: 2/2
   695 | D:1      | Found a faded altar of an unknown god.
   781 | D:1      | Prayed at the altar of an unknown god.
   781 | D:1      | Became a worshipper of Jiyva Joischoi the Shapeless
   781 | D:1      | Reached * piety under Jiyva
  1437 | D:$      | Safely got out of the dungeon.

Illustrated notes

Levels and vault maps discovered:
D:1:      dpeg_arrival_round_c, layout_basic,
          shapermc_ecumenical_altar_hornbeckon, minmay_fountain_box,
          minmay_tromino_i4

Skill      XL: |  1  2  3 |
---------------+----------+-----
Shields        | 3 |  3.1
Unarmed Combat | 3 |  3.0
Fighting       | |  3.5
Armour         | |  2.9

Action                   || total
-------------------------++-------
Melee: Unarmed           ||   101
Invok: Request Jelly     ||     1
Armor: Scale mail        ||    50
Dodge: Dodged            ||    52
Block: Buckler           ||    16

Table legend: (Time is in decaauts)
 A = Elapsed time spent in this place.
 B = Non-inter-level travel time spent in this place.
 C = Inter-level travel time spent in this place.
 D = Time resting spent in this place.
 E = Time spent auto-exploring this place.
 F = Levels seen in this place.
 G = Mean time per level.
                   A        B        C        D        E       F      G
               +--------+--------+--------+--------+--------+-----+--------+
         Total |   1447 |   1334 |    113 |    104 |    988 |   1 | 1447.0 |
       Dungeon |   1447 |   1334 |    113 |    104 |    988 |   1 | 1447.0 |
               +--------+--------+--------+--------+--------+-----+--------+

Top non-repeatable levels by time:
     D:1: 1447 daAuts
